 Dungeon Crawl Stone Soup version 0.30-a0-956-gcec3b41aec (webtiles) character file.

Game seed: 5270869050677753487

279 IdlyInterested the Slasher (level 6, -3/48 HPs)
             Began as a Demonspawn Gladiator on Mar 29, 2023.
             Slain by Natasha (8 damage)
             ... on level 2 of the Dungeon.
             The game lasted 00:04:25 (2031 turns).

IdlyInterested the Slasher (Demonspawn Gladiator)   Turns: 2031, Time: 00:04:26

Health: -3/48      AC:  6    Str: 14    XL:     6   Next: 5%
Magic:  6/6        EV: 12    Int: 10    God:
Gold:   141        SH:  0    Dex: 16    Spells: 5/5 levels left

rFire   . . .      SeeInvis .    a - +0 long sword
rCold   . . .      Faith    .    (no shield)
rNeg    . . .      Spirit   .    b - +0 leather armour
rPois   .          Reflect  .    c - +0 helmet
rElec   .          Rampage  .    (no cloak)
rCorr   .                        (no gloves)
Will    .....                    (no boots)
Stlth   ++                       (no amulet)
HPRegen 0.28/turn                (no ring)
MPRegen 0.10/turn                (no ring)

@: no status effects
A: molten scales 1, condensation shield
a: no special abilities


You were on level 2 of the Dungeon.
You visited 1 branch of the dungeon, and saw 2 of its levels.

You collected 141 gold pieces.

Inventory:

Hand Weapons
 a - a +0 long sword (weapon)
Missiles
 d - 3 throwing nets
 e - a javelin
 i - 10 stones (quivered)
Armour
 b - a +0 leather armour (worn)
 c - a +0 helmet (worn)
Wands
 j - a wand of polymorph (8)
Scrolls
 g - a scroll of silence {unknown}
 h - a scroll of magic mapping {unknown}
 k - a scroll of immolation {unknown}
 m - a scroll of fear {unknown}
Potions
 f - a potion of mutation


   Skills:
 + Level 3.9 Fighting
 * Level 4.8 Long Blades
 - Level 1.7 Throwing
 + Level 1.0 Armour
 - Level 2.6 Dodging
 - Level 1.0 Stealth
 - Level 1.0 Evocations


You had 5 spell levels left.
You didn't know any spells.
Your spell library was empty.

Dungeon Overview and Level Annotations

Branches:
Dungeon (2/15)

Altars:

Annotations:
D:2 Natasha


Innate Abilities, Weirdness & Mutations

You are partially covered in molten scales. (AC +2)
A meltable shield of frost defends you. (SH +0)


Message History

Natasha claws you.
You hit Natasha.
Natasha is heavily wounded.
Natasha wildly gestures.
Natasha glows brightly for a moment.
Natasha zaps a wand.
The puff of flame misses you.
You closely miss Natasha.
Natasha is heavily wounded.
Natasha claws you!
You barely miss Natasha.
Natasha is heavily wounded.
Natasha claws you!
You hit Natasha but do no damage.
Natasha is heavily wounded.
Natasha misses you.
You barely miss Natasha.
Natasha is heavily wounded.
Natasha claws you! Natasha barely misses you.
You barely miss Natasha.
Natasha is heavily wounded.
Natasha zaps a wand.
The puff of flame hits you.
You hit Natasha.
Natasha is severely wounded.
Natasha zaps a wand.
The puff of flame hits you!
* * * LOW HITPOINT WARNING * * *
You closely miss Natasha.
Natasha is severely wounded.
Natasha claws you.
* * * LOW HITPOINT WARNING * * *
It was a potion of cancellation.
You feel magically purged.
Natasha stares at you and mumbles some strange words.
The magic dart hits you.
* * * LOW HITPOINT WARNING * * *
You closely miss Natasha.
Natasha is severely wounded.
Natasha mumbles some strange words.
You barely miss Natasha.
Natasha is severely wounded.
Natasha claws you!
You die...

### ..## #?.## #...##
#....## ### #..... ..#
#..#####..# #.#
.##.....h@5.# #.#
....#######.# #.# #.# ##'##
#.# #.# ##...## #.# #.#
##.....## ##)# ##.##
##.......## ##..#
##...####.........####...###
#.......'.........'.........
##...####.........###......#


You could see Natasha and a shadow imp (summoned).

Vanquished Creatures
  Sigmund (D:2)
  Natasha (twice) (D:2)
  3 adders (D:2)
  2 dart slugs
  3 endoplasms
  5 giant cockroaches
  4 hobgoblins
  3 jackals (D:2)
  2 kobolds (D:1)
  4 ball pythons
  3 bats
  5 frilled lizards
  2 rats
39 creatures vanquished.

Notes
Turn   | Place    | Note
-------+----------+-------------------------------------------
     0 | D:1      | IdlyInterested the Demonspawn Gladiator began the quest for
                  | the Orb.
     0 | D:1      | Reached XP level 1. HP: 16/16 MP: 1/1
   116 | D:1      | Reached skill level 3 in Long Blades
   143 | D:1      | Gained mutation: A meltable shield of frost defends you.
                  | (SH +0) [demonic ancestry]
   143 | D:1      | Reached XP level 2. HP: 22/22 MP: 2/2
   835 | D:2      | Reached skill level 1 in Armour
   835 | D:2      | Reached XP level 3. HP: 26/28 MP: 3/3
  1178 | D:2      | Noticed Natasha
  1187 | D:2      | Killed Natasha
  1188 | D:2      | Reached skill level 1 in Stealth
  1188 | D:2      | Reached XP level 4. HP: 21/34 MP: 4/4
  1277 | D:2      | Noticed Natasha
  1287 | D:2      | Killed Natasha
  1288 | D:2      | Reached skill level 4 in Long Blades
  1597 | D:2      | Noticed Sigmund
  1609 | D:2      | Killed Sigmund
  1610 | D:2      | Reached skill level 1 in Evocations
  1610 | D:2      | Gained mutation: You are partially covered in molten
                  | scales. (AC +2) [demonic ancestry]
  1610 | D:2      | Reached XP level 5. HP: 4/42 MP: 5/5
  1610 | D:2      | Reached XP level 6. HP: 4/48 MP: 6/6
  2014 | D:2      | Noticed Natasha
  2031 | D:2      | Slain by Natasha

Illustrated notes

Levels and vault maps discovered:
D:1:      grunt_arrival_crossed_arrows, layout_loops_ring,
          palyth_stone_intersect, minmay_pentomino_v4
D:2:      layout_loops_corners, kennysheep_generic_room_3, uniq_natasha,
          uniq_sigmund

Skill      XL: |  1  2  3  4 |
---------------+-------------+-----
Long Blades    | 3 4 |  4.8
Armour         | 1 |  1.0
Stealth        | 1 |  1.0
Fighting       | 3 |  3.9
Evocations     | 1 |  1.0
Throwing       | |  1.7
Dodging        | |  2.6

Action                     |  1- 3 |  4- 6 || total
---------------------------+-------+-------++-------
  Melee: Long sword        |    68 |    50 ||   118
         Unarmed           |       |     4 ||     4
         Punch             |       |     1 ||     1
  Throw: Stone             |     1 |       ||     1
    Use: Scroll            |     3 |       ||     3
         Potion            |       |     3 ||     3
   Stab: Sleeping          |       |     1 ||     1
 Armour: Leather armour    |    20 |     8 ||    28
  Dodge: Dodged            |    45 |    20 ||    65
  Block: Other             |     7 |     3 ||    10

Table legend: (Time is in decaauts)
 A = Elapsed time spent in this place.
 B = Non-inter-level travel time spent in this place.
 C = Inter-level travel time spent in this place.
 D = Time resting spent in this place.
 E = Time spent auto-exploring this place.
 F = Levels seen in this place.
 G = Mean time per level.
                   A        B        C        D        E       F      G
               +--------+--------+--------+--------+--------+-----+--------+
         Total |   2055 |   1935 |    120 |    398 |   1149 |   2 | 1027.5 |
       Dungeon |   2055 |   1935 |    120 |    398 |   1149 |   2 | 1027.5 |
               +--------+--------+--------+--------+--------+-----+--------+

Top non-repeatable levels by time:
     D:2: 1207 daAuts
     D:1: 848 daAuts
